 Dungeon Crawl Stone Soup version 0.30-a0-367-g839099abd5 (webtiles) character file.

Game seed: 3974917455793377777

258 Elric the Chopper (level 5, -2/46 HPs)
             Began as a Minotaur Fighter on Nov 18, 2022.
             Was an Initiate of Makhleb.
             Slain by an iguana (8 damage)
             ... on level 4 of the Dungeon.
             The game lasted 00:02:24 (2566 turns).

Elric the Chopper (Minotaur Fighter)                Turns: 2566, Time: 00:02:25

Health: -2/46      AC:  7    Str: 22    XL:     5   Next: 94%
Magic:  0/4        EV:  9    Int:  5    God:    Makhleb [......]
Gold:   188        SH:  4    Dex: 10    Spells: 4/4 levels left

rFire   + + .      SeeInvis .    a - +0 war axe
rCold   . . .      Faith    .    c - +0 buckler
rNeg    . . .      Spirit   +    b - +0 scale mail
rPois   .          Reflect  .    (helmet restricted)
rElec   .          Harm     .    (no cloak)
rCorr   .          Rampage  .    (no gloves)
Will    .....                    (no boots)
Stlth   ..........               m - amulet of guardian spirit
HPRegen 0.27/turn                e - ring of protection from fire
MPRegen 0.09/turn                n - ring of protection from fire

@: no status effects
A: horns 2, retaliatory headbutt
a: Renounce Religion


You were on level 4 of the Dungeon.
You worshipped Makhleb.
Makhleb was noncommittal.
You visited 1 branch of the dungeon, and saw 4 of its levels.

You collected 188 gold pieces.

Inventory:

Hand Weapons
 a - a +0 war axe (weapon)
Armour
 b - a +0 scale mail (worn)
 c - a +0 buckler (worn)
Jewellery
 e - a ring of protection from fire (left hand)
 m - an amulet of guardian spirit (around neck)
 n - a ring of protection from fire (right hand)
 p - an amulet of magic regeneration
 v - a +4 ring of protection
 w - a ring of protection from fire
Wands
 o - a wand of mindburst (14)
Scrolls
 f - 2 scrolls of fear {unknown}
 g - a scroll of torment {unknown}
 h - a scroll of vulnerability {unknown}
 j - 3 scrolls of identify {unknown}
 k - 2 scrolls of poison {unknown}
 l - a scroll of enchant weapon {unknown}
 t - a scroll of fog {unknown}
 x - 2 scrolls of teleportation {unknown}
Potions
 d - a potion of might
 i - a potion of invisibility
 q - a potion of heal wounds {unknown}
 s - a potion of haste {unknown}
 u - a potion of resistance {unknown}
 z - a potion of berserk rage {unknown}


   Skills:
 - Level 3.7 Fighting
 + Level 7.4 Axes
 - Level 3.7 Armour
 - Level 3.7 Shields


You had 4 spell levels left.
You didn't know any spells.
Your spell library contained the following spells:

 Spells                   Type           Power      Damage    Failure   Level
 Yara's Violent Unravell  Hex/Tmut       0%         3d3       100%        5
 Enfeeble                 Hex            0%         N/A       100%        7


Dungeon Overview and Level Annotations

Branches:
Dungeon (4/15)
 Temple: D:4-7

Altars:
Fedhas
Makhleb
Uskayaw
Wu Jian
Xom


Innate Abilities, Weirdness & Mutations

You have a pair of horns on your head.
You reflexively headbutt those who attack you in melee.


Message History

The iguana bites you! x2
You barely miss the iguana.
The iguana is severely wounded.
The iguana bites you.
You closely miss the iguana.
The iguana is severely wounded.
The iguana bites you! The scorpion stings you.
* * * LOW HITPOINT WARNING * * *
You are too injured to fight recklessly!
You are too injured to fight recklessly!
Okay, then.
You slash the scorpion!
The scorpion is heavily wounded.
The scorpion stings you.
* * * LOW HITPOINT WARNING * * *
The scorpion completely misses you. You furiously retaliate!
You headbutt the scorpion.
It was a potion of invisibility.
You fade into invisibility!
The scorpion barely misses you. You furiously retaliate!
You headbutt the scorpion.
You kill the scorpion!
Makhleb accepts your kill.
Your Axes skill increases to level 7!
It was a potion of cancellation.
Your magical effects are unravelling.
You feel magically purged.
You flicker back into view.
You barely miss the iguana.
The iguana is severely wounded.
The iguana bites you but does no damage.
You barely miss the iguana.
The iguana is severely wounded.
The iguana bites you.
* * * LOW HITPOINT WARNING * * *
The iguana bites you but does no damage.
You hit the iguana.
The iguana is severely wounded.
The iguana bites you!
You die...

#................#
#..........####### #####
#..........########.....
#.......)<..............
#......)...#######......
#..........# #...^.....
#..........# #.....$...
#..........####..†......
.............@l..)......
#..........#######.#.###
############ #


You could see an iguana.

Vanquished Creatures
  A scorpion (D:4)
  An iguana (D:4)
  Terence (D:2)
  7 adders
  A worm (D:2)
  5 dart slugs
  5 bats
  8 endoplasms
  2 giant cockroaches
  7 hobgoblins
  12 jackals (D:1)
  A quokka (D:2)
  3 ball pythons
  6 frilled lizards
  6 goblins
  5 kobolds
  A rat (D:1)
72 creatures vanquished.

Vanquished Creatures (others)
  5 dream sheep (D:3)
5 creatures vanquished.

Grand Total: 77 creatures vanquished

Notes
Turn   | Place    | Note
-------+----------+-------------------------------------------
     0 | D:1      | Elric the Minotaur Fighter began the quest for the Orb.
     0 | D:1      | Reached XP level 1. HP: 19/19 MP: 0/0
    45 | D:1      | Reached XP level 2. HP: 27/27 MP: 1/1
    57 | D:1      | Reached skill level 3 in Axes
   462 | D:1      | Reached XP level 3. HP: 30/33 MP: 2/2
   480 | D:1      | Reached skill level 4 in Axes
  1077 | D:2      | Found a faded altar of an unknown god.
  1239 | D:2      | Reached skill level 5 in Axes
  1239 | D:2      | Reached XP level 4. HP: 40/40 MP: 3/3
  1474 | D:2      | Found an ornate altar of the Wu Jian Council.
  1485 | D:2      | Noticed Terence
  1489 | D:2      | Killed Terence
  1490 | D:2      | Reached skill level 6 in Axes
  1518 | D:2      | Reached XP level 5. HP: 46/46 MP: 4/4
  2042 | D:3      | Found a blossoming altar of Fedhas.
  2042 | D:3      | Found a hide-covered altar of Uskayaw.
  2043 | D:3      | Found a burning altar of Makhleb.
  2045 | D:3      | Found an ornate altar of the Wu Jian Council.
  2161 | D:3      | Became a worshipper of Makhleb the Destroyer
  2286 | D:3      | Noticed a dream sheep
  2286 | D:3      | Noticed a dream sheep
  2286 | D:3      | Noticed a dream sheep
  2286 | D:3      | Noticed a dream sheep
  2286 | D:3      | Noticed a dream sheep
  2286 | D:3      | Found a shimmering altar of Xom.
  2290 | D:3      | Killed a dream sheep
  2291 | D:3      | Killed a dream sheep
  2291 | D:3      | Killed a dream sheep
  2291 | D:3      | Killed a dream sheep
  2291 | D:3      | Killed a dream sheep
  2563 | D:4      | Reached skill level 7 in Axes
  2566 | D:4      | Slain by an iguana

Illustrated notes

Levels and vault maps discovered:
D:1:      amcnicky_arrival_single_pillar, layout_basic,
          minmay_misc_feat_nine_boxes, amcnicky_mini_corridor_feature
D:2:      layout_basic, nicolae_ecumenical_lake_church, basic_altar,
          amcnicky_mini_pool_small, uniq_terence
D:3:      layout_loops_cross, grunt_temple_overflow_open, kb_xom_exploding_sheep
D:4:      layout_basic, chequers_serial_rivers_small_a, uniq_duvessa

Skill      XL: |  1  2  3  4  5 |
---------------+----------------+-----
Axes           | 3 5 6 7 |  7.4
Fighting       | |  3.7
Armour         | |  3.7
Shields        | |  3.7

Action                   |  1- 3 |  4- 6 || total
-------------------------+-------+-------++-------
Melee: War axe           |    80 |    65 ||   145
       Headbutt          |     5 |     9 ||    14
  Use: Potion            |       |     2 ||     2
Armor: Scale mail        |    42 |    24 ||    66
Dodge: Dodged            |    52 |    24 ||    76
Block: Buckler           |    21 |    19 ||    40

Table legend: (Time is in decaauts)
 A = Elapsed time spent in this place.
 B = Non-inter-level travel time spent in this place.
 C = Inter-level travel time spent in this place.
 D = Time resting spent in this place.
 E = Time spent auto-exploring this place.
 F = Levels seen in this place.
 G = Mean time per level.
                   A        B        C        D        E       F      G
               +--------+--------+--------+--------+--------+-----+--------+
         Total |   2611 |   2508 |    103 |      0 |   2100 |   4 |  652.8 |
       Dungeon |   2611 |   2508 |    103 |      0 |   2100 |   4 |  652.8 |
               +--------+--------+--------+--------+--------+-----+--------+

Top non-repeatable levels by time:
     D:1: 1021 daAuts
     D:3: 766 daAuts
     D:2: 765 daAuts
     D:4: 57 daAuts
